| TOP OF THE 1ST |
|
Pawtucket Red Sox batting - Pitching for Tacoma Rainiers : RHP Justin Lee
|
|
Pitching: RHP Justin Lee
|
|
|
Batting: SHB Ben Ervin
|
0-0: Ball 1-0: Ball 2-0: Foul Ball, location: 2F 2-1: DOUBLE (Flyball, 89XD, EV 100.6 MPH)
|
|
Batting: RHB Carlos Nolasco
|
0-0: Ball 1-0: Swinging Strike 1-1: Fly out, F8 (Flyball, 8LD, EV 85.6 MPH)
|
|
Batting: RHB Dave Burwell
|
0-0: Called Strike 0-1: Ground out 5-3 (Groundball, 5L, EV 110.6 MPH)
|
|
Batting: SHB Willie Koviak
|
0-0: Ball 1-0: Called Strike 1-1: Swinging Strike 1-2: Fly out, F6 (Popup, 6S, EV 73.8 MPH)
|
| Top of the 1st over - 0 runs, 1 hit, 0 errors, 1 left on base; Pawtucket 0 - Tacoma 0 |
| BOTTOM OF THE 1ST |
|
Tacoma Rainiers batting - Pitching for Pawtucket Red Sox : RHP Andy Garvin
|
|
Pitching: RHP Andy Garvin
|
|
|
Batting: RHB Brad Robidas
|
0-0: Ball 1-0: Foul Ball, location: 2F 1-1: Bunt missed! 1-2: SINGLE (Groundball, 56S, EV 65.6 MPH) (infield hit)
|
|
Batting: RHB Enrique Valdez
|
0-0: SINGLE (Flyball, 9LS, EV 90.6 MPH) Brad Robidas to second Runner from 2nd tries for 3rd, SAFE, throw by RF made to third
|
|
Batting: LHB Josh Pittman
|
0-0: Ball 1-0: Ball 2-0: 3-RUN HOME RUN (Flyball, 7D, EV 98.1 MPH), Distance : 374 ft
|
|
Batting: LHB Ryan Lowe
|
0-0: Ball 1-0: Fly out, F8 (Flyball, 8RXD, EV 100.6 MPH)
|
|
Batting: RHB Josh Ruhl
|
0-0: Ball 1-0: Called Strike 1-1: Ball 2-1: Swinging Strike 2-2: Strikes out swinging
|
|
Batting: RHB Rick Ellis
|
0-0: Ball 1-0: Ball 2-0: Called Strike 2-1: Ball 3-1: Base on Balls
|
|
Batting: RHB Zach Downs
|
0-0: Swinging Strike 0-1: Ball 1-1: Swinging Strike 1-2: Strikes out looking
|
| Bottom of the 1st over - 3 runs, 3 hits, 0 errors, 1 left on base; Pawtucket 0 - Tacoma 3 |
| TOP OF THE 2ND |
|
Pawtucket Red Sox batting - Pitching for Tacoma Rainiers : RHP Justin Lee
|
|
Batting: RHB Brandon Perris
|
0-0: Called Strike 0-1: Ball 1-1: Fly out, F7 (Flyball, 7D, EV 92.5 MPH)
|
|
Batting: RHB Matt Hinkle
|
0-0: Fly out, F8 (Line Drive, 8LM, EV 92.5 MPH)
|
|
Batting: RHB Sal Rivera
|
0-0: Ground out 5-3 (Groundball, 5, EV 104.4 MPH)
|
| Top of the 2nd over - 0 runs, 0 hits, 0 errors, 0 left on base; Pawtucket 0 - Tacoma 3 |
| BOTTOM OF THE 2ND |
|
Tacoma Rainiers batting - Pitching for Pawtucket Red Sox : RHP Andy Garvin
|
|
Batting: RHB Jeff Cox
|
0-0: Ball 1-0: Ball 2-0: Ball 3-0: Base on Balls
|
|
Batting: RHB Kagetoki Kawai
|
0-0: Called Strike 0-1: Fly out, F9 (Flyball, 9, EV 79.4 MPH)
|
|
Batting: RHB Brad Robidas
|
0-0: Ball 1-0: Swinging Strike 1-1: Called Strike 1-2: Ground out 5-3 (Groundball, 56, EV 94.4 MPH) Jeff Cox to second
|
|
Batting: RHB Enrique Valdez
|
0-0: Called Strike 0-1: Ball 1-1: Foul Ball, location: 2F 1-2: Ball 2-2: SINGLE (Groundball, 6MS, EV 71.2 MPH) (infield hit) Jeff Cox to third
|
|
Batting: LHB Josh Pittman
|
0-0: Ball 1-0: Foul Ball, location: 2F 1-1: Ball 2-1: Fielders Choice at 2nd, 5-4 (Groundball, 56, EV 86.2 MPH)
|
| Bottom of the 2nd over - 0 runs, 1 hit, 0 errors, 2 left on base; Pawtucket 0 - Tacoma 3 |
| TOP OF THE 3RD |
|
Pawtucket Red Sox batting - Pitching for Tacoma Rainiers : RHP Justin Lee
|
|
Batting: RHB Joe Evrard
|
0-0: Foul Ball, location: 2F 0-1: Ball 1-1: Called Strike 1-2: Ball 2-2: Ground out U3 (Groundball, 3, EV 90.6 MPH)
|
|
Batting: RHB Andy Garvin
|
0-0: Swinging Strike 0-1: Ball 1-1: Fly out, F9 (Flyball, 9, EV 85.6 MPH)
|
|
Batting: SHB Ben Ervin
|
0-0: Ball 1-0: Ball 2-0: Fly out, F4 (Popup, 34S, EV 76.2 MPH)
|
| Top of the 3rd over - 0 runs, 0 hits, 0 errors, 0 left on base; Pawtucket 0 - Tacoma 3 |
| BOTTOM OF THE 3RD |
|
Tacoma Rainiers batting - Pitching for Pawtucket Red Sox : RHP Andy Garvin
|
|
Batting: LHB Ryan Lowe
|
0-0: Ground out 6-3 (Groundball, 56, EV 86.2 MPH)
|
|
Batting: RHB Josh Ruhl
|
0-0: Called Strike 0-1: Ground out 6-3 (Groundball, 6, EV 110.0 MPH)
|
|
Batting: RHB Rick Ellis
|
0-0: Ball 1-0: Called Strike 1-1: Ball 2-1: Fly out, F5 (Line Drive, 56, EV 63.8 MPH)
|
| Bottom of the 3rd over - 0 runs, 0 hits, 0 errors, 0 left on base; Pawtucket 0 - Tacoma 3 |
| TOP OF THE 4TH |
|
Pawtucket Red Sox batting - Pitching for Tacoma Rainiers : RHP Justin Lee
|
|
Batting: RHB Carlos Nolasco
|
0-0: Fly out, F7 (Flyball, 7LM, EV 91.2 MPH)
|
|
Batting: RHB Dave Burwell
|
0-0: Foul Ball, location: 2F 0-1: Ball 1-1: Foul Ball, location: 2F 1-2: Fly out, F8 (Flyball, 8LS, EV 78.1 MPH)
|
|
Batting: SHB Willie Koviak
|
0-0: Called Strike 0-1: Ball 1-1: Ball 2-1: Ball 3-1: Called Strike 3-2: Strikes out looking
|
| Top of the 4th over - 0 runs, 0 hits, 0 errors, 0 left on base; Pawtucket 0 - Tacoma 3 |
| BOTTOM OF THE 4TH |
|
Tacoma Rainiers batting - Pitching for Pawtucket Red Sox : RHP Andy Garvin
|
|
Batting: RHB Zach Downs
|
0-0: Called Strike 0-1: Called Strike 0-2: Ball 1-2: Ball 2-2: Ball 3-2: Foul Ball, location: 2F 3-2: Ground out 4-3 (Groundball, 4, EV 82.5 MPH)
|
|
Batting: RHB Jeff Cox
|
0-0: Ball 1-0: Ball 2-0: Called Strike 2-1: Foul Ball, location: 2F 2-2: Strikes out looking
|
|
Batting: RHB Kagetoki Kawai
|
0-0: Foul Ball, location: 2F 0-1: Called Strike 0-2: Ball 1-2: Foul Ball, location: 2F 1-2: Fly out, F4 (Popup, 34, EV 72.5 MPH)
|
| Bottom of the 4th over - 0 runs, 0 hits, 0 errors, 0 left on base; Pawtucket 0 - Tacoma 3 |
| TOP OF THE 5TH |
|
Pawtucket Red Sox batting - Pitching for Tacoma Rainiers : RHP Justin Lee
|
|
Batting: RHB Brandon Perris
|
0-0: Ball 1-0: Foul Ball, location: 2F 1-1: SINGLE (Groundball, 34D, EV 104.4 MPH)
|
|
Batting: RHB Matt Hinkle
|
0-0: Fly out, F7 (Flyball, 78D, EV 95.0 MPH)
|
|
Batting: RHB Sal Rivera
|
0-0: Foul Ball, location: 2F 0-1: Called Strike 0-2: Strikes out swinging
|
|
Batting: RHB Joe Evrard
|
0-0: Swinging Strike 0-1: DOUBLE (Flyball, 78D, EV 106.2 MPH) Brandon Perris to third
|
|
Batting: RHB Andy Garvin
|
0-0: Ball 1-0: Ball 2-0: Fly out, F8 (Line Drive, 8RD, EV 83.8 MPH)
|
| Top of the 5th over - 0 runs, 2 hits, 0 errors, 2 left on base; Pawtucket 0 - Tacoma 3 |
| BOTTOM OF THE 5TH |
|
Tacoma Rainiers batting - Pitching for Pawtucket Red Sox : RHP Andy Garvin
|
|
Batting: RHB Brad Robidas
|
0-0: Foul Ball, location: 2F 0-1: SINGLE (Groundball, 56D, EV 97.5 MPH)
|
|
Batting: RHB Enrique Valdez
|
0-0: Foul Ball, location: 2F 0-1: Ball 1-1: Fly out, F9 (Flyball, 9LM, EV 83.1 MPH)
|
|
Batting: LHB Josh Pittman
|
0-0: Ball 1-0: Ball 2-0: DOUBLE (Groundball, 3L, EV 101.2 MPH) Brad Robidas to third
|
|
Batting: LHB Ryan Lowe
|
0-0: Called Strike 0-1: Foul Ball, location: 2F 0-2: Ball 1-2: Fly out, F7 (Flyball, 7D, EV 98.8 MPH) Runner from 3rd tags up, SCORES, throw by LF Josh Pittman to third
|
|
Batting: RHB Josh Ruhl
|
0-0: Called Strike 0-1: Ball 1-1: Fly out, F7 (Flyball, 78S, EV 86.2 MPH)
|
| Bottom of the 5th over - 1 run, 2 hits, 0 errors, 1 left on base; Pawtucket 0 - Tacoma 4 |
| TOP OF THE 6TH |
|
Pawtucket Red Sox batting - Pitching for Tacoma Rainiers : RHP Justin Lee
|
|
Batting: SHB Ben Ervin
|
0-0: Foul Ball, location: 2F 0-1: Called Strike 0-2: Foul Ball, location: 2F 0-2: Foul Ball, location: 2F 0-2: Foul Ball, location: 2F 0-2: Ball 1-2: Ball 2-2: Foul Ball, location: 2F 2-2: Strikes out swinging
|
|
Batting: RHB Carlos Nolasco
|
0-0: Swinging Strike 0-1: DOUBLE (Line Drive, 8RXD, EV 105.0 MPH)
|
|
Batting: RHB Dave Burwell
|
0-0: DOUBLE (Line Drive, 78M, EV 98.1 MPH) Carlos Nolasco scores
|
|
Batting: SHB Willie Koviak
|
0-0: Called Strike 0-1: Ball 1-1: SINGLE (Line Drive, 56D, EV 110.0 MPH) Dave Burwell to third
|
|
Batting: RHB Brandon Perris
|
0-0: Ball 1-0: Called Strike 1-1: Fly out, F8 (Flyball, 89S, EV 81.2 MPH)
|
|
Batting: RHB Matt Hinkle
|
0-0: Swinging Strike 0-1: Foul Ball, location: 2F 0-2: Strikes out swinging
|
| Top of the 6th over - 1 run, 3 hits, 0 errors, 2 left on base; Pawtucket 1 - Tacoma 4 |
| BOTTOM OF THE 6TH |
|
Tacoma Rainiers batting - Pitching for Pawtucket Red Sox : RHP Andy Garvin
|
|
Batting: RHB Rick Ellis
|
0-0: Ball 1-0: Swinging Strike 1-1: Ball 2-1: Fly out, F8 (Flyball, 8LD, EV 77.5 MPH)
|
|
Batting: RHB Zach Downs
|
0-0: Called Strike 0-1: Ball 1-1: Swinging Strike 1-2: Fly out, F7 (Flyball, 7D, EV 98.1 MPH)
|
|
Batting: RHB Jeff Cox
|
0-0: Ball 1-0: Ground out 1-3 (Groundball, 34S, EV 65.0 MPH)
|
| Bottom of the 6th over - 0 runs, 0 hits, 0 errors, 0 left on base; Pawtucket 1 - Tacoma 4 |
| TOP OF THE 7TH |
|
Pawtucket Red Sox batting - Pitching for Tacoma Rainiers : RHP Justin Lee
|
|
Batting: RHB Sal Rivera
|
0-0: Ball 1-0: Foul Ball, location: 2F 1-1: Ball 2-1: SINGLE (Line Drive, 78S, EV 108.8 MPH)
|
|
Batting: RHB Joe Evrard
|
0-0: Called Strike 0-1: Ball 1-1: Ball 2-1: Fly out, F9 (Flyball, 9, EV 83.8 MPH)
|
|
Batting: RHB Andy Garvin
|
0-0: Called Strike Sal Rivera steals 2nd base (no throw) 0-1: Foul Ball, location: 2F 0-2: Foul Ball, location: 2F 0-2: Foul Ball, location: 2F 0-2: Ball 1-2: Ground out 6-3 (Groundball, 6, EV 83.1 MPH) Sal Rivera to third
|
|
Batting: SHB Ben Ervin
|
0-0: Ground out 1-3 (Groundball, P, EV 66.2 MPH)
|
| Top of the 7th over - 0 runs, 1 hit, 0 errors, 1 left on base; Pawtucket 1 - Tacoma 4 |
| BOTTOM OF THE 7TH |
|
Tacoma Rainiers batting - Pitching for Pawtucket Red Sox : RHP Andy Garvin
|
|
Batting: RHB Kagetoki Kawai
|
0-0: Called Strike 0-1: Ball 1-1: Swinging Strike 1-2: Foul Ball, location: 2F 1-2: Strikes out swinging
|
|
Pitching: RHP Danny Klomp
|
|
|
Batting: RHB Brad Robidas
|
0-0: Called Strike 0-1: Ball 1-1: Fly out, F4 (Flyball, 4MD, EV 85.6 MPH)
|
|
Batting: RHB Enrique Valdez
|
0-0: Fly out, F8 (Flyball, 8LXD, EV 95.0 MPH)
|
| Bottom of the 7th over - 0 runs, 0 hits, 0 errors, 0 left on base; Pawtucket 1 - Tacoma 4 |
| TOP OF THE 8TH |
|
Pawtucket Red Sox batting - Pitching for Tacoma Rainiers : RHP Justin Lee
|
|
Batting: RHB Carlos Nolasco
|
0-0: Ball 1-0: Ball 2-0: Foul Ball, location: 2F 2-1: Called Strike 2-2: Reached on error, E6 (Groundball, 6, EV 80.6 MPH)
|
|
Batting: RHB Dave Burwell
|
0-0: Called Strike 0-1: Called Strike 0-2: Foul Ball, location: 2F 0-2: Fly out, F7 (Flyball, 7, EV 88.8 MPH)
|
|
Pitching: RHP Jace Daniels
|
|
|
Batting: SHB Willie Koviak
|
0-0: Ground out 6-3 (Groundball, 56, EV 105.6 MPH)
|
|
Batting: RHB Brandon Perris
|
0-0: Ball 1-0: Ball 2-0: Ball 3-0: Fly out, F7 (Flyball, 7, EV 77.5 MPH)
|
| Top of the 8th over - 0 runs, 0 hits, 1 error, 1 left on base; Pawtucket 1 - Tacoma 4 |
| BOTTOM OF THE 8TH |
|
Tacoma Rainiers batting - Pitching for Pawtucket Red Sox : RHP Danny Klomp
|
|
Batting: LHB Josh Pittman
|
0-0: Foul Ball, location: 2F 0-1: Foul Ball, location: 2F 0-2: Ball 1-2: Ball 2-2: Strikes out swinging, 2-3 out at first.
|
|
Batting: LHB Ryan Lowe
|
0-0: Called Strike 0-1: Foul Ball, location: 2F 0-2: Ball 1-2: Foul Ball, location: 2F 1-2: Strikes out swinging
|
|
Batting: RHB Josh Ruhl
|
0-0: Swinging Strike 0-1: Ball 1-1: Called Strike 1-2: Ball 2-2: Strikes out swinging
|
| Bottom of the 8th over - 0 runs, 0 hits, 0 errors, 0 left on base; Pawtucket 1 - Tacoma 4 |
| TOP OF THE 9TH |
|
Pawtucket Red Sox batting - Pitching for Tacoma Rainiers : RHP Jace Daniels
|
|
Pitching: LHP Adam Parrish
|
|
|
Batting: RHB Matt Hinkle
|
0-0: Called Strike 0-1: Swinging Strike 0-2: Strikes out looking
|
|
Batting: RHB Sal Rivera
|
0-0: Ball 1-0: Ball 2-0: Ball 3-0: Called Strike 3-1: Swinging Strike 3-2: Foul Ball, location: 2F 3-2: Strikes out swinging
|
|
Batting: RHB Joe Evrard
|
0-0: Called Strike 0-1: Called Strike 0-2: Strikes out looking
|
| Top of the 9th over - 0 runs, 0 hits, 0 errors, 0 left on base; Pawtucket 1 - Tacoma 4 |
|